Map: Kairos Junction LE

Players

TooSly - Winner!

  • Race: Protoss Protoss
  • League: Platinum
  • Spawn Location: 11:00

Parkkatz

  • Race: Zerg Zerg
  • League: Platinum
  • Spawn Location: 5:00

VOD

Have the link to the VOD?

Description

Time

  • Played on: July 3, 2019, 9:23 a.m.
  • Length: 16:49
Show
View Real Time Build Order
Export as new Build Order

TooSly Protoss - Winner!

Build Orders: 1 Gate Expand, Archon Immortal 

Get SALT Encoding   

  12  0:01  Probe  
  13  0:14  Probe  
  14  0:21  Pylon  
  14  0:26  Probe  
  15  0:37  Probe  
  16  0:45  Gateway, Probe  
  17  0:53  Probe  
  17  0:55  Assimilator  
  18  1:05  Probe  
  19  1:17  Probe  
  20  1:28  Nexus  
  20  1:29  Probe  
  21  1:44  Cybernetics Core  
  21  1:45  Probe  
  22  1:53  Pylon  
  22  1:55  Assimilator  
  22  1:58  Probe  
  23  2:11  Probe  
  23  2:12  Adept  
  24  2:21  Warp Gate  
  26  2:23  Probe  
  27  2:33  Probe, Robotics Facility  
  27  2:36  Probe  
  28  2:41  Probe  
  29  2:44  Probe  
  29  2:49  Probe  
  31  2:53  Probe  
  33  3:01  Probe  
  34  3:06  Probe  
  35  3:13  Adept  
  35  3:14  Immortal, Probe  
  35  3:19  Gateway  
  38  3:20  Gateway  
  43  3:27  Probe  
  43  3:29  Probe  
  44  3:34  Pylon  
  44  3:39  Probe  
  44  3:40  Assimilator  
  44  3:41  Probe  
  46  3:52  Probe  
  46  3:54  Immortal  
  51  3:56  Pylon  
  51  4:07  Probe x2  
  53  4:16  Sentry x3  
  59  4:20  Probe  
  59  4:23  Probe, Pylon  
  61  4:32  Probe  
  62  4:44  Probe x2  
  60  4:47  Assimilator, Stalker x2  
  60  4:48  Stalker  
  60  4:50  Nexus  
  66  4:52  Observer  
  66  4:55  Pylon  
  66  4:56  Probe  
  68  5:01  Twilight Council  
  67  5:19  Probe  
  67  5:22  Probe  
  67  5:27  Probe  
  69  5:34  Probe  
  71  5:36  Gateway, Probe  
  71  5:38  Gateway  
  71  5:41  Gateway  
  71  5:42  Gateway  
  72  5:44  Immortal, Dark Shrine  
  72  5:45  Gateway  
  72  5:46  Probe  
  72  5:47  Assimilator  
  72  5:48  Probe  
  78  6:02  Probe x2, Pylon  
  78  6:03  Pylon  
  80  6:04  Probe  
  81  6:14  Probe  
  81  6:15  Zealot x3  
  88  6:22  Warp Prism, Probe x2  
  90  6:29  Forge  
  90  6:31  Gateway  
  90  6:32  Pylon  
  92  6:36  Probe  
  93  6:42  Probe  
  93  6:43  Forge, Probe, Charge  
  95  6:53  Probe, Robotics Facility  
  96  6:58  Probe  
  96  7:00  Assimilator  
  97  7:17  Gateway  
  97  7:18  Probe  
  97  7:20  Photon Cannon x2  
  97  7:21  Probe  
  99  7:25  Photon Cannon  
  99  7:30  Dark Templar x3  
  99  7:31  Dark Templar  
  107  7:38  Nexus, Immortal x2  
  107  7:40  Pylon  
  115  7:54  Zealot  
  117  8:00  Pylon  
  117  8:02  Pylon  
  117  8:05  Pylon  
  117  8:11  Probe  
  117  8:12  Probe  
  119  8:21  Probe  
  118  8:29  Probe x2  
  118  8:32  Protoss Ground Weapons Level 1  
  118  8:34  Probe  
  119  8:35  Protoss Ground Armor Level 1  
  119  8:42  Immortal x2  
  119  8:45  Probe x2, Photon Cannon  
  119  8:46  Probe  
  119  8:47  Photon Cannon  
  130  8:49  Photon Cannon  
  130  8:50  Dark Templar x3  
  130  8:51  Dark Templar x3, Photon Cannon  
  141  8:56  Templar Archives  
  141  8:58  Probe  
  141  8:59  Probe  
  139  9:04  Archon x2  
  139  9:05  Archon  
  139  9:09  Warp Prism  
  139  9:21  Immortal  
  143  9:37  Robotics Bay  
  143  9:41  Pylon  
  143  9:43  Immortal  
  143  9:44  Pylon  
  147  9:53  Zealot x7  
  147  9:54  Zealot  
  157  10:01  Immortal  
  147  10:22  Immortal  
  147  10:24  Probe x3, Gravitic Drive  
  147  10:26  Psionic Storm  
  147  10:28  Assimilator, Pylon  
  154  10:30  High Templar x5, Assimilator, Pylon  
  154  10:31  High Templar  
  166  10:40  Immortal  
  170  10:43  Archon x2  
  170  10:44  Protoss Ground Weapons Level 2  
  170  10:47  Protoss Ground Armor Level 2  
  170  10:59  Warp Prism  
  170  11:02  High Templar x2  
  176  11:18  Photon Cannon  
  176  11:19  Photon Cannon  
  176  11:20  Photon Cannon  
  176  11:22  Photon Cannon  
  176  11:28  Gateway  
  176  11:31  Photon Cannon  
  176  11:32  Photon Cannon  
  176  11:35  Pylon  
  176  11:42  Nexus  
  176  11:45  Pylon  
  176  11:47  Zealot x2  
  176  11:48  Zealot x4  
  172  12:00  Zealot x2  
  172  12:01  Zealot x2  
  166  12:09  Immortal x2  
  174  12:16  Robotics Facility  
  174  12:17  Robotics Facility  
  174  12:19  Robotics Facility  
  174  12:22  Robotics Facility  
  174  12:23  Robotics Facility  
  174  12:30  Robotics Facility  
  174  12:32  Robotics Facility  
  174  12:55  Probe  
  174  12:56  Protoss Shields Level 1  
  175  13:00  Extended Thermal Lance  
  175  13:05  Immortal, Protoss Ground Weapons Level 3  
  179  13:06  Immortal x4  
  195  13:37  Pylon  
  195  13:39  Shield Battery  
  195  13:40  Shield Battery  
  195  13:42  Shield Battery  
  195  13:43  Shield Battery  
  195  13:45  Photon Cannon  
  192  14:01  Zealot x5  
  192  14:02  Zealot x3  
  149  14:17  Probe  
  149  14:21  Colossus  
  150  14:31  Colossus x3  
  150  14:34  Assimilator  
  150  14:36  High Templar x3  
  150  14:37  High Templar x5  
  150  14:38  Assimilator  
  172  14:41  Colossus  
  196  14:49  Archon  
  196  14:50  Archon x2  
  196  14:51  Archon  
  194  15:04  Probe  
  195  15:15  Colossus x2  
  199  15:59  Nexus  
  199  16:01  Assimilator  
  185  16:06  Assimilator  
  185  16:08  Pylon  
  185  16:09  Pylon  
  181  16:12  Zealot  
  181  16:13  Zealot x6  
  181  16:14  Zealot x3  
  199  16:23  Observer  
Show
View Real Time Build Order
Export as new Build Order

Parkkatz Zerg 

Build Orders: Hatch First 

Get SALT Encoding   

  12  0:01  Drone  
  13  0:12  Overlord  
  13  0:18  Drone  
  14  0:31  Drone x2  
  16  0:36  Drone  
  17  0:47  Drone  
  18  0:56  Hatchery  
  17  1:04  Drone, Extractor  
  18  1:08  Drone  
  18  1:18  Drone  
  19  1:28  Spawning Pool  
  19  1:30  Drone  
  19  1:39  Overlord  
  19  2:13  Drone  
  19  2:15  Queen x2  
  22  2:17  Drone  
  22  2:20  Zergling x2  
  22  2:21  Hatchery  
  25  2:24  Zergling x2  
  26  2:34  Metabolic Boost  
  26  2:37  Drone x2  
  28  2:53  Queen  
  28  2:55  Overlord  
  28  2:56  Drone  
  31  2:59  Drone  
  31  3:01  Drone  
  32  3:20  Drone x4  
  32  3:23  Overlord  
  36  3:29  Queen  
  38  3:36  Drone x4  
  38  3:41  Queen  
  42  3:47  Drone  
  42  3:48  Drone x2  
  46  3:51  Overlord  
  47  3:56  Zergling x6  
  50  4:04  Extractor  
  50  4:05  Extractor  
  50  4:09  Roach Warren  
  47  4:10  Evolution Chamber  
  47  4:13  Queen  
  47  4:15  Drone x2  
  50  4:21  Drone x2  
  50  4:22  Zergling x2  
  50  4:23  Zergling x2  
  51  4:41  Drone x5  
  54  4:51  Drone x3  
  54  4:52  Drone x5  
  62  4:57  Zerg Missile Weapons Level 1  
  61  5:16  Zergling x2  
  61  5:17  Zergling x12  
  65  5:24  Drone  
  65  5:27  Overlord x3  
  65  5:28  Overlord  
  66  5:30  Lair  
  66  5:34  Overlord  
  66  5:54  Drone  
  66  5:55  Roach  
  66  5:56  Roach x13  
  90  6:20  Drone x3  
  90  6:22  Spore Crawler  
  90  6:23  Drone x3  
  90  6:24  Overlord  
  90  6:25  Zergling x2  
  92  6:26  Zergling x6  
  95  6:35  Zergling x6  
  98  6:42  Ravager x4  
  98  6:44  Overlord x3  
  102  6:50  Extractor  
  102  6:51  Drone  
  102  6:52  Drone x2  
  104  7:02  Drone x2  
  104  7:04  Overlord x2  
  104  7:07  Infestation Pit  
  105  7:11  Roach x2  
  105  7:12  Roach  
  111  7:16  Drone  
  111  7:17  Drone x2  
  111  7:21  Zergling x8, Extractor  
  111  7:22  Extractor  
  116  7:23  Queen x2  
  116  7:24  Queen  
  116  7:28  Drone x4  
  116  7:29  Drone x2  
  128  7:33  Zergling x2  
  129  7:42  Hydralisk Den  
  128  7:46  Baneling Nest  
  127  7:53  Zerg Ground Armor Level 1, Evolution Chamber  
  127  7:55  Roach x2  
  127  7:58  Zergling x8  
  132  7:59  Zergling x8  
  134  8:23  Spore Crawler  
  134  8:25  Spore Crawler  
  124  8:27  Overseer  
  124  8:31  Spore Crawler  
  117  8:36  Queen  
  117  8:37  Drone  
  117  8:38  Drone x14  
  122  8:50  Queen  
  124  9:10  Infestor x3  
  124  9:11  Hydralisk x4  
  128  9:21  Queen x2  
  129  9:26  Overlord x3  
  129  9:28  Centrifical Hooks  
  129  9:29  Muscular Augments  
  129  9:31  Zerg Missile Weapons Level 2  
  129  9:44  Overseer x2  
  80  10:17  Zergling x22  
  80  10:21  Drone  
  92  10:24  Zerg Ground Armor Level 2  
  92  10:36  Drone x3  
  92  10:39  Baneling x4  
  92  10:40  Baneling x4  
  95  10:44  Hatchery  
  95  10:45  Drone x3  
  97  10:54  Drone x2  
  99  11:03  Hydralisk  
  101  11:04  Hydralisk x9  
  101  11:08  Grooved Spines  
  119  11:13  Hive  
  119  11:15  Drone x3  
  122  11:24  Drone  
  122  11:25  Drone x5  
  128  11:28  Overlord  
  128  11:30  Overseer  
  128  11:36  Pathogen Glands  
  122  12:04  Drone x9  
  122  12:06  Zergling x2  
  122  12:07  Zergling x16  
  140  12:08  Queen  
  142  12:24  Zerg Melee Weapons Level 1  
  142  12:25  Hydralisk  
  142  12:26  Hydralisk x8  
  142  12:27  Hydralisk  
  142  12:29  Drone  
  163  12:46  Overlord  
  163  12:50  Drone x6  
  163  12:51  Drone x5  
  164  12:58  Zergling x6  
  165  13:02  Adrenal Glands  
  168  13:05  Drone x2  
  168  13:06  Drone x3  
  168  13:10  Extractor  
  168  13:12  Extractor  
  170  13:13  Zerg Missile Weapons Level 3  
  170  13:19  Hydralisk  
  170  13:20  Hydralisk  
  174  13:37  Overlord x4  
  159  14:01  Zergling x2  
  159  14:02  Zergling x28  
  112  14:18  Hydralisk  
  112  14:19  Hydralisk x7  
  112  14:23  Drone  
  112  14:24  Drone x2  
  130  14:30  Baneling  
  130  14:31  Baneling x6  
  131  14:32  Baneling x4  
  131  14:33  Hydralisk x3  
  137  14:48  Hydralisk  
  137  14:49  Hatchery, Hydralisk x9  
  137  14:51  Extractor x2  
  149  15:22  Drone x2  
  149  15:23  Hydralisk, Drone x2  
  149  15:24  Hydralisk x14  
  149  15:25  Hydralisk x2  
  154  16:08  Zergling x18  
  154  16:09  Zergling x16  
  151  16:21  Zergling x10  
Tags
 
Add a new tag
Caveats
  • Supply blocks, unpowered buildings, or Contaminate may cause inaccurate times.
  • Supply counts are checked every 10 seconds.